 Dungeon Crawl Stone Soup version 0.31-a0-1082-g7d1fb776a8 (webtiles) character file.

Game seed: 10070206056434539606

56 Arzdou the Magician (level 3, -2/19 HPs)
             Began as a Deep Elf Air Elementalist on Nov 27, 2023.
             Slain by a goblin
             ... wielding a +0 dagger
             ... led by Robin
              (5 damage)
             ... on level 2 of the Dungeon.
             The game lasted 00:04:33 (1825 turns).

Arzdou the Magician (Deep Elf Air Elementalist)     Turns: 1825, Time: 00:04:34

Health: -2/19      AC:  2    Str:  5    XL:     3   Next: 69%
Magic:  6/10       EV: 12    Int: 21    God:
Gold:   103        SH:  0    Dex: 15    Spells: 7/10 levels left

rFire   . . .        (no weapon)
rCold   + . .        (no shield)
rNeg    . . .        a - +0 robe
rPois   .            (no helmet)
rElec   .            (no cloak)
rCorr   .            (no gloves)
SInv    .            (no boots)
Will    .....        (no amulet)
Stlth   ++           i - ring of protection from cold
HPRegen 0.23/turn    (no ring)
MPRegen 0.12/turn

%: no passive effects
@: no status effects
A: no striking features
a: no special abilities


You were on level 2 of the Dungeon.
You visited 1 branch of the dungeon, and saw 3 of its levels.

You collected 103 gold pieces.

Inventory:

Missiles
 l - 6 poisoned darts
Armour
 a - a +0 robe (worn)
Jewellery
 f - an amulet of faith
 i - a ring of protection from cold (left hand)
Scrolls
 d - a scroll of summoning {unknown}
 e - a scroll of torment {unknown}
 g - a scroll of teleportation {unknown}
 h - a scroll of fog {unknown}
 k - 3 scrolls of identify {unknown}
 m - 2 scrolls of noise {unknown}
Potions
 b - 2 potions of magic
 c - a potion of curing {unknown}
 j - a potion of enlightenment {unknown}


   Skills:
 - Level 2.6 Dodging
 - Level 2.7 Stealth
 + Level 4.2 Spellcasting
 - Level 1.4 Conjurations
 + Level 3.7 Air Magic


You had 7 spell levels left.
You knew the following spells:

 Your Spells              Type           Power      Damage    Failure   Level
a - Shock                 Conj/Air       60%        1d6       4%          1
b - Static Discharge      Conj/Air       30%        3-5/arc   6%          2

Your spell library contained the following spells:

 Spells                   Type           Power      Damage    Failure   Level
 Swiftness                Air            20%        N/A       8%          3
 Airstrike                Air            10%        2d(2-18)  26%         4


Dungeon Overview and Level Annotations

Branches:
Dungeon (3/15)

Altars:

Annotations:
D:3 Natasha, Robin


Message History

A goblin comes into view. It is wielding a +0 dagger.
Casting: Static Discharge (safe; 6% risk of failure)
Confirm with . or Enter, or press ? or * to list all spells.
The rat is struck by an arc of lightning.
You kill the rat!
The bat is struck by an arc of lightning.
The bat is severely wounded.
The goblin is struck by an arc of lightning.
You kill the goblin!
The lightning grounds out.
The goblin is struck by an arc of lightning.
You kill the goblin!
The goblin is struck by an arc of lightning.
You kill the goblin!
You are struck by an arc of lightning.
The hobgoblin is struck by an arc of lightning.
The hobgoblin is severely wounded.
The lightning grounds out.
The bat barely misses you. Robin throws the goblin at you!
* * * LOW HITPOINT WARNING * * *
The hobgoblin closely misses you. The goblin closely misses you.
The bat hits you but does no damage.
The goblin shoots a sling bullet.
The sling bullet barely misses you.
Natasha mumbles some strange words.
Natasha glows brightly for a moment.
Natasha mumbles some strange words.
Robin roars a battlecry!
The goblins go into a battle-frenzy!
The hobgoblin misses you. The goblin hits you with a +0 dagger.
* * * LOW HITPOINT WARNING * * *
You climb upwards.
There is a stone staircase leading down here.
Casting: Static Discharge (safe; 6% risk of failure)
Confirm with . or Enter, or press ? or * to list all spells.
The goblin is struck by an arc of lightning.
The goblin is severely wounded.
You are struck by an arc of lightning.
* * * LOW HITPOINT WARNING * * *
The lightning grounds out.
The hobgoblin closely misses you. The goblin hits you with a +0 dagger.
You die...

### ####### #######.####
#####...... #..........#
#.........# #.#.#...##.#
#.###.##..#
#.#......#.###.###.##..#
##.###............#.....# #######
#......#..#..............
#[....####.....#g.....#...#.###.#
##.##.......#..g@.#.#.#..##.###..
#.....####..####.##.#.#...#.##...
#####.# #........#.#.#...#.##.##
#.####..####..#.###..........
#......## #.................
############.................
#.........##......###.
###.##.#..........###.
####......###.......#....


You could see a hobgoblin (strong) and a goblin (strong).

Vanquished Creatures
  An adder (D:2)
  3 worms (D:2)
  4 bats
  3 endoplasms
  4 goblins
  A hobgoblin (D:2)
  4 jackals (D:1)
  5 kobolds
  3 ball pythons
  2 frilled lizards (D:2)
  6 rats
36 creatures vanquished.

Notes
Turn   | Place    | Note
-------+----------+-------------------------------------------
     0 | D:1      | Arzdou the Deep Elf Air Elementalist began the quest for
                  | the Orb.
     0 | D:1      | Reached XP level 1. HP: 10/10 MP: 6/6
   234 | D:1      | Reached XP level 2. HP: 15/15 MP: 0/8
   403 | D:1      | Learned a level 2 spell: Static Discharge
  1128 | D:2      | Reached XP level 3. HP: 15/19 MP: 7/10
  1387 | D:2      | Reached skill level 4 in Spellcasting
  1818 | D:3      | Noticed Robin
  1821 | D:3      | Noticed Natasha
  1825 | D:2      | Slain by a goblin

Illustrated notes

Levels and vault maps discovered:
D:1:      saegor_arrival_simple_b, layout_basic, minmay_fountain_box
D:2:      layout_basic, guppyfry_early_lair_pool
D:3:      layout_rooms, hellmonk_ecumenical_altar_blasted,
          uniq_crazy_yiuf_cottage, uniq_grinder, uniq_robin, uniq_jessica,
          uniq_natasha

Skill      XL: |  1  2  3 |
---------------+----------+-----
Spellcasting   | 4 |  4.2
Dodging        | |  2.6
Stealth        | |  2.7
Conjurations   | |  1.4
Air Magic      | |  3.7

Action                     || total
---------------------------++-------
  Melee: Unarmed           ||     5
   Cast: Shock             ||    30
         Static Discharge  ||    18
 Armour: Robe              ||    42
  Dodge: Dodged            ||    40

Table legend: (Time is in decaauts)
 A = Elapsed time spent in this place.
 B = Non-inter-level travel time spent in this place.
 C = Inter-level travel time spent in this place.
 D = Time resting spent in this place.
 E = Time spent auto-exploring this place.
 F = Levels seen in this place.
 G = Mean time per level.
                   A        B        C        D        E       F      G
               +--------+--------+--------+--------+--------+-----+--------+
         Total |   1825 |   1755 |     70 |      0 |   1504 |   3 |  608.3 |
       Dungeon |   1825 |   1755 |     70 |      0 |   1504 |   3 |  608.3 |
               +--------+--------+--------+--------+--------+-----+--------+

Top non-repeatable levels by time:
     D:1: 920 daAuts
     D:2: 898 daAuts
     D:3: 6 daAuts
